 Dungeon Crawl Stone Soup version 0.28-a0-653-g7e9dba17c3 (webtiles) character file.

Game seed: 3795013642653197611

837 ytrimaz the Cleaver (level 7, 0/91 HPs)
             Began as a Hill Orc Monk on Oct 12, 2021.
             Was a Believer of Beogh.
             Succumbed to a scorpion's poison
             ... on level 5 of the Dungeon.
             The game lasted 00:07:07 (4607 turns).

ytrimaz the Cleaver (Hill Orc Monk)                 Turns: 4607, Time: 00:07:08

Health: 0/91       AC:  0    Str: 16    XL:     7   Next: 99%
Magic:  7/7        EV:  9    Int: 10    God:    Beogh [**....]
Gold:   180        SH:  8    Dex: 19    Spells: 6/6 levels left

rFire   . . .      SeeInvis .   d - +0 war axe
rCold   . . .      Faith    .   n - +0 kite shield
rNeg    . . .      Spirit   .   c - +0 ring mail
rPois   .          Reflect  .   (no helmet)
rElec   .          Harm     .   i - +0 cloak
rCorr   .          Rampage  .   (no gloves)
Will    .....                   (no boots)
Stlth   ..........              g - amulet of regeneration
HPRegen 1.25/turn               j - +6 ring of dexterity
MPRegen 0.10/turn               (no ring)

@: berserking, lethally poisoned (0 -> -3), corroded, very quick
A: no striking features
a: Renounce Religion, Smiting


You were on level 5 of the Dungeon.
You worshipped Beogh.
Beogh was pleased with you.
You visited 1 branch of the dungeon, and saw 5 of its levels.

You collected 180 gold pieces.

Inventory:

Hand Weapons
 d - a +0 war axe (weapon)
Missiles
 f - 60 poisoned darts (quivered)
Armour
 c - a +0 ring mail (worn)
 i - a +0 cloak (worn)
 n - a +0 kite shield (worn)
Jewellery
 g - an amulet of regeneration (around neck)
 h - a ring of ice
 j - a +6 ring of dexterity (left hand)
Scrolls
 a - a scroll of magic mapping
 o - a scroll of vulnerability {unknown}
Potions
 e - a potion of cancellation {unknown}
 k - 2 potions of mutation
 l - a potion of flight
 m - a potion of resistance {unknown}


   Skills:
 + Level 5.3 Fighting
 * Level 8.4 Axes
 + Level 5.2 Armour
 - Level 3.1 Dodging
 - Level 1.5 Stealth
 * Level 1.0 Shields


You had 6 spell levels left.
You didn't know any spells.
Your spell library contained the following spells:

 Spells                   Type           Power      Damage    Failure   Level
 Gell's Gravitas          Tloc           0%         N/A       100%        3
 Ignite Poison            Fire/Tmut/Pois 0%         N/A       100%        3
 Lesser Beckoning         Tloc           0%         N/A       100%        3
 Mephitic Cloud           Conj/Pois/Air  0%         N/A       100%        3
 Teleport Other           Tloc           0%         N/A       100%        3
 Freezing Cloud           Conj/Ice/Air   0%         6-21      100%        5


Dungeon Overview and Level Annotations

Branches:
Dungeon (5/15)             Temple (0/1) D:4

Altars:
Xom

Shops:
D:4 =

Annotations:
D:3 2 transporters, meatgazer's ghost, amateur GnWn


Message History

You hit the jelly.
You kill the jelly!
Beogh accepts your kill.
You hit the scorpion but do no damage. The scorpion stings you!
You are poisoned.
The scorpion poisons you!
Your Shields skill increases to level 1!
You hit the scorpion but do no damage.
The scorpion is moderately wounded.
You feel very sick. You block the scorpion's attack. The scorpion misses you.
You hit the scorpion but do no damage.
The scorpion is moderately wounded.
You feel sick. The scorpion stings you! The scorpion stings you.
Unknown command.
You feel sick.
You feel sick.
You feel sick.
You feel sick.
You feel sick.
You are no longer poisoned.
The scorpion stings you.
* * * LOW HITPOINT WARNING * * *
You are poisoned.
The scorpion poisons you!
You feel very sick.
You feel sick.
You feel sick.
You feel sick. The scorpion stings you!
* * * LOW HITPOINT WARNING * * *
You feel sick.
A red film seems to cover your vision as you go berserk!
You feel yourself moving faster!
You feel mighty!
You feel sick. The scorpion stings you.
* * * LOW HITPOINT WARNING * * *
You are lethally poisoned!
The scorpion poisons you!
You hit the scorpion but do no damage.
The scorpion is moderately wounded.
You die...

### ##.## ##.[.# ##....# ####
###.....##### ####..#
#..[......#.#
##.....###...........##
#......#.......s@.....#
#...............##...##
#......#........##...###
.......##.#...###......##
........#.#...# ##......#
.............####......## ###
.....##...#...##........### ##..
..... ....#....#...##...#.####...
#...................รท.....##.....


You could see a scorpion.

Vanquished Creatures
  A necrophage (D:5)
  An ogre (D:3)
  A scorpion (D:4)
  3 crimson imps (D:5)
  2 hounds
  2 centaur skeletons
  A jelly (D:5)
  Natasha (D:2)
  An iguana (D:5)
  5 orc wizards
  A hound zombie (D:5)
  5 adders
  A howler monkey skeleton (D:5)
  An ufetubus (D:4)
  A worm (D:2)
  A dart slug (D:1)
  14 orcs
  4 ball pythons
  9 endoplasms
  3 giant cockroaches
  9 goblins
  8 hobgoblins
  A jackal (D:5)
  12 kobolds
  4 quokkas
  7 bats
  A frilled lizard (D:1)
  A quokka skeleton (D:4)
  4 rats
105 creatures vanquished.

Vanquished Creatures (others)
  2 hound skeletons (D:4)
  A goblin (D:4)
  2 quokkas (D:4)
5 creatures vanquished.

Grand Total: 110 creatures vanquished

Notes
Turn   | Place    | Note
-------+----------+-------------------------------------------
     0 | D:1      | ytrimaz the Hill Orc Monk began the quest for the Orb.
     0 | D:1      | Reached XP level 1. HP: 19/19 MP: 1/1
   190 | D:1      | Found a faded altar of an unknown god.
   258 | D:1      | Reached XP level 2. HP: 23/27 MP: 2/2
   635 | D:1      | Reached skill level 1 in Armour
   906 | D:1      | Reached XP level 3. HP: 31/33 MP: 3/3
  1633 | D:2      | Reached skill level 5 in Axes
  1796 | D:2      | Reached XP level 4. HP: 40/40 MP: 4/4
  1802 | D:2      | Noticed Natasha
  1815 | D:2      | Killed Natasha
  2314 | D:3      | Found a transporter.
  2471 | D:3      | Noticed meatgazer's ghost (amateur GnWn)
  2656 | D:3      | Found a transporter.
  2660 | D:3      | Reached XP level 5. HP: 28/46 MP: 5/5
  3019 | D:3      | Noticed an ogre
  3047 | D:3      | Killed an ogre
  3048 | D:3      | Reached skill level 6 in Axes
  3237 | D:4      | Found Liyhacom's Jewellery Boutique.
  3258 | D:4      | Reached XP level 6. HP: 46/52 MP: 6/6
  3358 | D:4      | Became a worshipper of Beogh the Brigand
  3358 | D:4      | Reached * piety under Beogh
  3358 | D:4      | Reached ** piety under Beogh
  3531 | D:4      | Found a staircase to the Ecumenical Temple.
  4211 | D:5      | Entered Level 5 of the Dungeon
  4218 | D:5      | Reached skill level 7 in Axes
  4225 | D:5      | Noticed a necrophage
  4253 | D:4      | Reached XP level 7. HP: 52/60 MP: 7/7
  4278 | D:5      | Reached skill level 5 in Fighting
  4327 | D:5      | Reached skill level 5 in Armour
  4374 | D:5      | Found a shimmering altar of Xom.
  4413 | D:5      | Reached skill level 8 in Axes
  4594 | D:5      | Reached skill level 1 in Shields
  4606 | D:5      | HP: 2/91 [scorpion (6)]
  4607 | D:5      | Succumbed to a scorpion's poison

Illustrated notes

Levels and vault maps discovered:
D:1:      dpeg_arrival_tiny_d, layout_loops_ring,
          shapermc_ecumenical_altar_ellora, hangedman_decor_riveting
D:2:      minmay_spotlight, layout_basic, uniq_natasha
D:3:      layout_loops_cross, gammafunk_ghost_stat_death, serial_rivers,
          chequers_serial_rivers_marsh, chequers_serial_rivers_marsh,
          chequers_serial_rivers_room_b, chequers_serial_rivers_marsh
D:4:      layout_cave_pools, minmay_temple_entry_arrows, serial_shops,
          nicolae_shop_trees
D:5:      layout_cave_pools, led_xom_imps, minmay_diced_spiral

Skill      XL: |  1  2  3  4  5  6  7 |
---------------+----------------------+-----
Armour         | 1 2 3 4 5 |  5.2
Fighting       | 4 5 |  5.3
Axes           | 5 6 7 8 |  8.4
Dodging        | 3 |  3.1
Shields        | 1 |  1.0
Stealth        | |  1.5

Action                   |  1- 3 |  4- 6 |  7- 9 || total
-------------------------+-------+-------+-------++-------
Melee: Hand axe          |    12 |       |       ||    12
       War axe           |   107 |   144 |    76 ||   327
Invok: Convert to Beogh  |       |     1 |       ||     1
  Use: Potion            |       |     2 |     1 ||     3
       Scroll            |       |     6 |       ||     6
 Stab: Sleeping          |     1 |     3 |       ||     4
Armor: Ring mail         |    57 |    61 |    46 ||   164
Dodge: Dodged            |    83 |   131 |    39 ||   253
Block: Kite shield       |       |       |    24 ||    24

Table legend: (Time is in decaauts)
 A = Elapsed time spent in this place.
 B = Non-inter-level travel time spent in this place.
 C = Inter-level travel time spent in this place.
 D = Time resting spent in this place.
 E = Time spent auto-exploring this place.
 F = Levels seen in this place.
 G = Mean time per level.
                   A        B        C        D        E       F      G
               +--------+--------+--------+--------+--------+-----+--------+
         Total |   4717 |   4667 |     50 |    656 |   2858 |   5 |  943.4 |
       Dungeon |   4717 |   4667 |     50 |    656 |   2858 |   5 |  943.4 |
               +--------+--------+--------+--------+--------+-----+--------+

Top non-repeatable levels by time:
     D:2: 1245 daAuts
     D:1: 1075 daAuts
     D:4: 1014 daAuts
     D:3: 984 daAuts
     D:5: 396 daAuts
